 Dungeon Crawl Stone Soup version 0.26.1 (webtiles) character file.

Game seed: 18439028531191797342

3852 pokeman the Thaumaturge (level 9, 0/73 HPs)
             Began as a Deep Elf Hedge Wizard on Feb 5, 2021.
             Was a Follower of Vehumet.
             Succumbed to a killer bee's poison
             ... on level 8 of the Dungeon.
             The game lasted 00:23:06 (8579 turns).

pokeman the Thaumaturge (Deep Elf Hedge Wizard)     Turns: 8579, Time: 00:23:06

Health: 0/73       AC: 24    Str:  7    XL:     9   Next: 99%
Magic:  25/27      EV:  2    Int: 23    God:    Vehumet [*.....]
Gold:   526        SH:  0    Dex: 10    Spells: 20/32 levels left

rFire    . . .     SeeInvis +   B - +2 dagger (venom)
rCold    . . .     Faith    .   (no shield)
rNeg     + + +     Spirit   .   (armour currently unavailable)
rPois    +         Reflect  .   (helmet currently unavailable)
rElec    .         Harm     .   (cloak currently unavailable)
rCorr    .         Rampage  .   (gloves currently unavailable)
Will     .....     NoTele   +   (boots currently unavailable)
Stlth    ++........             i - amulet of magic regeneration
HPRegen  0.22/turn              m - ring of see invisible
MPRegen  0.45/turn              c - -4 ring of dexterity (curse)

@: lethally poisoned (0 -> -3), tree-form
A: no striking features
a: Renounce Religion


You were on level 8 of the Dungeon.
You worshipped Vehumet.
Vehumet was aware of your devotion.
You were a tree.
You visited 2 branches of the dungeon, and saw 9 of its levels.

You collected 526 gold pieces.

Inventory:

Hand Weapons
 B - a +2 dagger of venom (weapon)
 F - a +0 shortbow
 H - a +1 whip of electrocution
Missiles
 h - 134 arrows
 y - 81 bolts
Armour
 j - a +0 leather armour (melded)
 n - a cursed +0 pair of boots (melded)
 p - a +0 helmet (melded)
 x - a cursed +0 pair of boots
 I - a +2 buckler
Jewellery
 c - a cursed -4 ring of dexterity (right branch)
 i - an amulet of magic regeneration (around neck)
 m - a ring of see invisible (left branch)
 w - an uncursed ring of ice
Wands
 s - a wand of enslavement (12)
Scrolls
 b - 4 scrolls of teleportation {unknown}
 e - 12 scrolls of identify {unknown}
 f - a scroll of blinking {unknown}
 k - 2 scrolls of random uselessness {unknown}
 o - 4 scrolls of fog {unknown}
 r - 3 scrolls of magic mapping {unknown}
 z - a scroll of enchant weapon {unknown}
 D - 2 scrolls of remove curse {unknown}
Potions
 a - a potion of lignification
 d - 2 potions of heal wounds {unknown}
 g - 2 potions of magic {unknown}
 l - 3 potions of attraction {unknown}
 q - 4 potions of curing
 t - 2 potions of cancellation {unknown}
 u - a potion of berserk rage {unknown}
 v - a potion of mutation {unknown}
 A - a potion of brilliance {unknown}
 C - 2 potions of flight {unknown}
 E - a potion of degeneration {unknown}
 G - 2 potions of haste {unknown}


   Skills:
 - Level 2.3 Fighting
 - Level 3.1 Armour
 - Level 3.2 Dodging
 - Level 3.0 Stealth
 + Level 2.4 Shields
 * Level 12.3 Spellcasting
 + Level 7.0 Conjurations
 - Level 1.1 Summonings
 - Level 1.1 Translocations
 + Level 5.3 Fire Magic
 - Level 1.2 Air Magic
 - Level 3.0 Poison Magic
 - Level 1.0 Evocations


You had 20 spell levels left.
You knew the following spells:

 Your Spells              Type           Power        Failure   Level
a - Magic Dart            Conj           100%         1%          1
b - Mephitic Cloud        Conj/Pois/Air  31%          2%          3
c - Call Imp              Summ           19%          4%          2
d - Blink                 Tloc           N/A          4%          2
e - Conjure Flame         Conj/Fire      42%          1%          3
f - Shock                 Conj/Air       100%         1%          1

Your spell library contained the following spells:

 Spells                   Type           Power        Failure   Level
 Slow                     Hex            14%          7%          2


Dungeon Overview and Level Annotations

Branches:
Dungeon (8/15)             Temple (1/1) D:6
   Lair: D:8-11

Altars:
Ashenzari
Cheibriados
Elyvilon
Fedhas
Gozag
Hepliaklqana
Kikubaaqudgha
Makhleb
Nemelex Xobeh
Okawaru
Trog
Uskayaw
Vehumet
Xom
Zin
The Shining One

Shops:
D:5 [


Message History

A beastly little devil appears in a puff of flame.
You feel sick.
The centaur zombie hits you but does no damage. x2
Unknown command.
You hit the centaur zombie.
The centaur zombie is severely damaged.
The centaur zombie hits you.
* * * LOW HITPOINT WARNING * * *
Your crimson imp hits the centaur zombie but does no damage.
Unknown command.
You hit the centaur zombie.
The centaur zombie is almost destroyed.
* * * LOW HITPOINT WARNING * * *
You feel sick.
The killer bee closely misses your crimson imp.
The centaur zombie hits you but does no damage.
Your crimson imp barely misses the centaur zombie.
You hit the centaur zombie.
The centaur zombie is almost destroyed.
You die...

#######
#..5♣.#
#.y.Z.#
.####..†..#
.........<.#
..####.#####
#. #. #. #.


You could see a killer bee (confused), a centaur zombie and a friendly crimson
imp (summoned).

Vanquished Creatures
  Pikel (D:6)
  Joseph (D:7)
  The ghost of Hehehe the Carver, a novice DDFi (D:4)
  Sigmund (D:2)
  A water moccasin (D:5)
  A black bear (D:7)
  2 ogres
  2 centaurs (D:6)
  3 lemures (D:6)
  A big kobold (D:3)
  2 bullfrogs
  A scorpion (D:6)
  A water moccasin skeleton (D:5)
  9 killer bees
  A centaur zombie (D:5)
  2 orc priests (D:5)
  3 hounds
  5 orc wizards
  A centaur skeleton (D:7)
  A gnoll shaman (D:4)
  An iguana (D:7)
  3 worker ants
  2 hound skeletons
  A worker ant zombie (D:7)
  10 gnolls
  A howler monkey skeleton (D:4)
  8 adders
  7 white imps
  An ufetubus (D:7)
  2 oozes
  An adder zombie (D:4)
  5 worms
  A dart slug (D:2)
  6 leopard geckos
  14 orcs
  8 bats
  3 giant cockroaches
  6 goblins
  8 hobgoblins
  10 jackals
  4 quokkas
  A ball python (D:1)
  7 frilled lizards
  15 kobolds
  2 leopard gecko skeletons
  2 quokka skeletons (D:4)
  5 rats
174 creatures vanquished.

Vanquished Creatures (collateral kills)
  A two-headed ogre (D:6)
  A big kobold (D:3)
  A killer bee (D:7)
  An adder zombie (D:4)
4 creatures vanquished.

Vanquished Creatures (others)
  2 killer bees
2 creatures vanquished.

Grand Total: 180 creatures vanquished

Notes
Turn   | Place    | Note
-------+----------+-------------------------------------------
     0 | D:1      | pokeman the Deep Elf Hedge Wizard began the quest for the
                  | Orb.
     0 | D:1      | Reached XP level 1. HP: 10/10 MP: 7/7
   313 | D:1      | Reached XP level 2. HP: 16/16 MP: 4/9
  1032 | D:2      | Reached skill level 5 in Spellcasting
  1032 | D:2      | Reached XP level 3. HP: 20/20 MP: 5/11
  1036 | D:2      | Learned a level 3 spell: Mephitic Cloud
  1039 | D:2      | Learned a level 2 spell: Call Imp
  1042 | D:2      | Learned a level 2 spell: Blink
  1046 | D:2      | Learned a level 3 spell: Conjure Flame
  1059 | D:2      | Noticed a bullfrog
  1068 | D:2      | Killed a bullfrog
  1069 | D:2      | Reached skill level 1 in Fighting
  1069 | D:2      | Reached skill level 1 in Armour
  1069 | D:2      | Reached XP level 4. HP: 11/25 MP: 5/13
  1387 | D:2      | Noticed Sigmund
  1409 | D:2      | Killed Sigmund
  1410 | D:2      | Reached skill level 6 in Spellcasting
  1410 | D:2      | Reached skill level 1 in Fire Magic
  1410 | D:2      | Reached XP level 5. HP: 15/29 MP: 8/16
  1410 | D:2      | Reached XP level 6. HP: 18/34 MP: 8/17
  2783 | D:3      | Reached skill level 7 in Spellcasting
  2871 | D:3      | Reached skill level 1 in Air Magic
  2893 | D:3      | HP: 2/51 [poisoned by a big kobold]
  2901 | D:3      | HP: 2/51 [poisoned by a big kobold]
  2908 | D:3      | Reached skill level 1 in Evocations
  3424 | D:4      | Found a runed translucent gate.
  3436 | D:4      | Reached XP level 7. HP: 20/38 MP: 12/20
  3452 | D:4      | Found a runed translucent gate.
  3452 | D:4      | Found a runed translucent gate.
  3452 | D:4      | Noticed Hehehe's ghost (novice DDFi)
  3460 | D:4      | Reached skill level 1 in Poison Magic
  3784 | D:4      | Found a burning altar of Makhleb.
  3849 | D:4      | Reached skill level 8 in Spellcasting
  3850 | D:4      | Reached skill level 1 in Shields
  4546 | D:4      | Killed Hehehe's ghost
  4547 | D:4      | Reached XP level 8. HP: 16/43 MP: 11/22
  4787 | D:5      | Entered Level 5 of the Dungeon
  4803 | D:5      | Reached skill level 9 in Spellcasting
  5162 | D:5      | Reached skill level 5 in Conjurations
  5663 | D:5      | Found a glowing silver altar of Zin.
  5671 | D:5      | Found Fulufock's Antique Armour Shop.
  5726 | D:5      | Found a hazy altar of Hepliaklqana.
  6220 | D:6      | Reached skill level 10 in Spellcasting
  6469 | D:6      | Found a white marble altar of Elyvilon.
  6469 | D:6      | Found a glowing golden altar of the Shining One.
  6773 | D:6      | Noticed a two-headed ogre
  6793 | D:6      | HP: 1/45 [two-headed ogre/+0 giant club (18)]
  6799 | D:6      | Killed a two-headed ogre
  6800 | D:6      | Reached skill level 11 in Spellcasting
  6800 | D:6      | Reached XP level 9. HP: 2/49 MP: 15/26
  7130 | D:6      | Found a snail-covered altar of Cheibriados.
  7218 | D:6      | Noticed Pikel
  7236 | D:6      | Killed Pikel
  7271 | D:6      | Found a staircase to the Ecumenical Temple.
  7279 | Temple   | Entered the Ecumenical Temple
  7314 | Temple   | Became a worshipper of Vehumet
  7534 | D:7      | Noticed Joseph
  7552 | D:7      | Killed Joseph
  7553 | D:7      | Reached skill level 5 in Fire Magic
  7669 | D:7      | Reached skill level 12 in Spellcasting
  8291 | D:7      | Reached * piety under Vehumet
  8291 | D:7      | Offered knowledge of Shock by Vehumet.
  8294 | D:7      | Learned a level 1 spell: Shock
  8577 | D:8      | HP: 2/73 [centaur zombie (4)]
  8579 | D:8      | Succumbed to a killer bee's poison

Illustrated notes

Levels and vault maps discovered:
D:1:      sevenhm_arrival_forest_fort_large_4, layout_loops_ring,
          wad_floor_pattern_untrapped
D:2:      layout_basic, minmay_tromino_v2, uniq_sigmund
D:3:      cheibrodos_thug_alley, layout_loops_ring, minmay_circle_x
D:4:      layout_cave_pools, makhleb_heckhound_becter,
          gammafunk_ghost_necromancy
D:5:      layout_gridville, lemuel_round_altar, general_overflow_altar,
          serial_shops, shop, minmay_chambers_of_fives
D:6:      layout_rooms, cheibriados_altar_1, gammafunk_temple_overflow_elements,
          minmay_temple_entry_wispy, serial_park_tiny_1, uniq_pikel
D:7:      layout_gridville, uniq_joseph
D:8:      layout_basic, okawaru_trees_2
Temple:   eino_temple_rhombus

Skill      XL: |  1  2  3  4  5  6  7  8  9 |
---------------+----------------------------+-----
Spellcasting   | 5 6 7 8 11 12 | 12.3
Fighting       | 1 2 |  2.3
Armour         | 1 2 3 |  3.1
Conjurations   | 2 3 4 6 7 |  7.0
Dodging        | 3 |  3.2
Fire Magic     | 1 4 5 |  5.3
Stealth        | 3 |  3.0
Air Magic      | 1 |  1.2
Evocations     | 1 |  1.0
Poison Magic   | 2 3 |  3.0
Shields        | 1 2 |  2.4
Summonings     | |  1.1
Translocations | |  1.1

Action                   |  1- 3 |  4- 6 |  7- 9 || total
-------------------------+-------+-------+-------++-------
Melee: Dagger            |     3 |     4 |   120 ||   127
 Cast: Magic Dart        |    66 |   161 |   187 ||   414
       Mephitic Cloud    |       |     4 |    25 ||    29
       Conjure Flame     |       |     1 |    13 ||    14
       Call Imp          |       |     2 |     8 ||    10
       Blink             |       |       |     5 ||     5
       Shock             |       |       |     7 ||     7
  Use: Potion            |       |     1 |     1 ||     2
 Stab: Confused          |       |       |     9 ||     9
Armor: Leather armour    |       |    11 |    27 ||    38
       Skin              |       |     3 |     8 ||    11
Dodge: Dodged            |    16 |    21 |    93 ||   130
